Ice Dragons vs Demolitions
(R1)
Created - December 6, 2018 at 19:16
Goals
|
| Ice Dragons |
0 |
2 |
0 |
2 |
| Demolitions |
4 |
1 |
4 |
9 |
|
Shots
|
| Ice Dragons |
17 |
12 |
8 |
37 |
| Demolitions |
11 |
10 |
14 |
35 |
|
1st period
1. Demolitions , Erik Cole 15 (Spencer Machacek 9, Billy Sweat 6) at 13:00
2. Demolitions , Spencer Machacek 11 (Lane MacDermid 9, Jonathan Blum 10) at 15:12 (PP)
3. Demolitions , Corban Knight 7 (Jonathan Blum 11, Spencer Machacek 10) at 15:43
4. Demolitions , Spencer Machacek 12 (Erik Cole 16) at 18:21 (SH)
Penalties :
Michael Ferland (Kin) for Hooking (Minor) at 6:58, Spencer Machacek (Vic) for High sticking (Minor) at 13:11, Logan MacMillan (Kin) for Tripping (Minor) at 14:11, Lane MacDermid (Vic) for Hooking (Minor) at 18:11, Erik Cole (Vic) for Holding (Minor) at 18:28, Steve Ott (Kin) for Holding (Minor) at 18:55
2nd period
5. Ice Dragons , Steve Ott 8 (Michael Stone 5) at 1:54
6. Demolitions , Dmitri Orlov 2 (Justin Falk 18, Spencer Machacek 11) at 10:10
7. Ice Dragons , Steve Ott 9 (Stefan Ruzicka 13, Kevin Connauton 13) at 17:07
Penalties :
Taylor Aronson (Vic) for Tripping (Minor) at 7:31, Justin Falk (Vic) for Hooking (Minor) at 7:52, Damon Severson (Kin) for Boarding (Minor) at 14:43
3rd period
8. Demolitions , Spencer Machacek 13 (Justin Falk 19, Jonathan Blum 12) at 1:37 (PP)
9. Demolitions , Phil McRae 7 (Cameron Schilling 13) at 3:24
10. Demolitions , Garnet Hathaway 14 (Justin Falk 20, Connor Hellebyuk) at 16:11 (PP)
11. Demolitions , Michael Latta 8 (Garnet Hathaway 20) at 17:10 (PP)
Penalties :
Steve Ott (Kin) for Roughing (Minor) at 0:57, Nick Shore (Vic) for Holding (Minor) at 5:51, Steve Ott (Kin) for High sticking (Minor) at 6:43, Steve Ott (Kin) for Diving (Minor) at 15:28, Kevin Connauton (Kin) for Interference (Minor) at 16:28, Erik Cole (Vic) for Boarding (Minor) at 17:21
Goalie Stats
Anders Nilsson (Kin), 7 saves from 11 shots - (0.636), L, 4-9-0, 18:21 minutes
Harru Sateri (Kin), 19 saves from 24 shots - (0.792), 41:39 minutes
Connor Hellebyuk (Vic), 35 saves from 37 shots - (0.946), W, 9-3-1, 60:00 minutes
Players Stats for Ice Dragons
Player Name G A P +/- PIM S H SB GA TA FO MP PP MP PK MP
------------------------------------------------------------------------------------
Alex Plante 0 0 0 -3 0 0 1 1 0 0 0/0 11:07 0:00 0:00
Brandon Kozun 0 0 0 -1 0 2 1 2 0 0 1/1 15:06 2:30 0:00
Chris Wagner 0 0 0 -1 0 1 0 0 1 0 0/0 11:12 0:00 0:00
Christian Djoos 0 0 0 -3 0 0 0 2 0 1 0/0 12:24 0:00 1:17
Damon Severson 0 0 0 1 2 0 2 0 0 0 0/0 17:50 2:36 1:53
Emil Pettersson 0 0 0 0 0 0 0 0 0 0 0/0 4:05 0:04 0:02
Justin Shugg 0 0 0 -2 0 0 0 0 1 1 0/0 5:33 0:01 0:00
Kevin Connauton 0 1 1 0 2 5 6 1 3 3 0/0 30:09 4:19 4:14
Logan MacMillan 0 0 0 0 2 3 3 0 0 0 1/2 15:55 4:20 0:00
Luke Adam 0 0 0 -1 0 2 1 0 0 0 7/12 16:31 2:33 1:08
Michael Chaput 0 0 0 -1 0 2 1 2 1 0 3/6 13:26 0:00 1:40
Michael Ferland 0 0 0 -1 2 1 0 1 0 0 1/2 14:35 0:00 2:42
Michael Stone 0 1 1 -1 0 4 2 2 2 1 0/0 29:51 4:19 4:20
Sam Carrick 0 0 0 -2 0 2 1 0 0 0 1/4 6:58 0:04 0:20
Samuel Groulx 0 0 0 1 0 0 0 1 0 1 0/0 19:02 2:36 3:04
Stefan Ruzicka 0 1 1 -1 0 7 1 0 2 2 8/18 27:42 4:21 4:42
Steve Ott 2 0 2 1 8 6 0 2 0 1 15/27 20:22 4:19 2:49
William Carrier 0 0 0 -1 0 2 1 1 0 0 0/1 17:02 2:30 1:25
Players Stats for Demolitions
Player Name G A P +/- PIM S H SB GA TA FO MP PP MP PK MP
------------------------------------------------------------------------------------
Aaron Palushaj 0 0 0 1 0 0 0 0 0 0 1/2 8:39 0:00 0:00
Andrej Nestrasil 0 0 0 0 0 0 0 0 0 0 0/0 0:00 0:00 0:00
Billy Sweat 0 1 1 0 0 1 0 1 1 1 0/0 8:01 0:00 0:00
Brandon McMillan 0 0 0 1 0 0 0 1 0 0 0/0 10:36 0:14 0:14
Cameron Schilling 0 1 1 1 0 1 0 1 0 0 0/0 19:09 2:21 2:03
Corban Knight 1 0 1 0 0 2 4 1 0 1 5/11 13:28 1:41 1:42
Dmitri Orlov 1 0 1 2 0 3 1 0 0 0 0/0 19:40 2:21 2:15
Erik Cole 1 1 2 1 4 4 3 2 0 2 6/11 24:51 5:35 2:54
Garnet Hathaway 1 1 2 -1 0 1 2 0 1 0 0/1 16:04 4:47 0:14
Joel Vermin 0 0 0 0 0 2 1 0 0 0 0/0 7:39 0:00 0:00
Jonathan Blum 0 3 3 2 0 6 3 3 1 0 0/0 32:25 5:03 5:55
Justin Falk 0 3 3 3 2 1 5 4 3 3 0/0 32:34 5:03 4:40
Lane MacDermid 0 1 1 0 2 0 1 0 3 1 0/1 14:08 1:43 1:37
Michael Latta 1 0 1 0 0 4 4 0 1 0 18/33 20:34 4:47 0:26
Nick Shore 0 0 0 0 2 0 0 0 0 0 2/4 8:24 0:46 0:00
Phil McRae 1 0 1 2 0 3 1 0 0 1 4/10 12:28 0:02 2:51
Robert Bortuzzo 0 0 0 -1 0 1 0 2 0 1 0/0 7:13 0:00 0:23
Seth Helgeson 0 0 0 1 0 0 0 0 0 0 0/0 2:27 0:00 1:03
Spencer Machacek 3 3 6 3 2 5 1 1 0 0 0/0 20:48 2:37 2:58
Taylor Aronson 0 0 0 -1 2 1 0 0 0 0 0/0 6:52 0:00 0:03
3 Stars
1 - Spencer Machacek (Vic)
2 - Justin Falk (Vic)
3 - Jonathan Blum (Vic)
Power Play
Ice Dragons - 0 on 7 Attempt(s) - 0.00%
Demolitions - 4 on 8 Attempt(s) - 50.00%
Penalty Kill
Ice Dragons - 4 on 8 Attempt(s) - 50.00%
- Score 0 goal in Penalty Kill
Demolitions - 7 on 7 Attempt(s) - 100.00%
- Score 1 goal in Penalty Kill
Team Stat
Ice Dragons - Hits : 20 - Faceoff Wins : 37 - Blocked Shots : 15 - Penalty Minutes : 16
Demolitions - Hits : 26 - Faceoff Wins : 36 - Blocked Shots : 16 - Penalty Minutes : 14
Official
Referees : Unknown
Linesman : Unknown
Game Notes
Harru Sateri enters game at 18:21 of 1st period
18:41 of 1st period - Ice Dragons goal is going for a video replay. After video review, No Goal. The puck has been directed, batted or thrown into the net by an attacking player other than with a stick.
Spencer Machacek has scored a Hat Trick!
2:45 of 3rd period - Ice Dragons goal is going for a video replay. After video review, No Goal. The puck has entered the net after making contact with an attacking player’s stick that is above the height of the crossbar.
Finance
Level 1 -- Attendance: 1474 (73.70%) -- Ticket Income $38,324
Level 2 -- Attendance: 779 (77.90%) -- Ticket Income $7,011
Total Attendance: 2253 (75.10%)
Total Ticket Income: $45,335
Other Income: $2,267
Total Income: $47,602
Ice Dragons
5 vs 5 Forward
Center Left Wing Right Wing Time % Phy DF OF
1 Steve Ott Logan MacMillan Stefan Ruzicka 40 1 2 2
2 Luke Adam William Carrier Brandon Kozun 30 1 2 2
3 Michael Chaput Michael Ferland Chris Wagner 20 1 2 2
4 Sam Carrick Stefan Ruzicka Justin Shugg 10 1 2 2
5 vs 5 Defense
Defense Defense Time % Phy DF OF
1 Kevin Connauton Michael Stone 40 1 2 2
2 Damon Severson Samuel Groulx 30 1 2 2
3 Alex Plante Christian Djoos 20 1 2 2
4 Kevin Connauton Michael Stone 10 1 2 2
PowerPlay Forward
Center Left Wing Right Wing Time % Phy DF OF
1 Steve Ott Logan MacMillan Stefan Ruzicka 60 1 2 2
2 Luke Adam William Carrier Brandon Kozun 40 1 2 2
PowerPlay Defense
Defense Defense Time % Phy DF OF
1 Kevin Connauton Michael Stone 60 1 2 2
2 Damon Severson Samuel Groulx 40 1 2 2
Penalty Kill 4 Players Forward
Center Wing Time % Phy DF OF
1 Stefan Ruzicka Steve Ott 60 1 2 2
2 Luke Adam Michael Chaput 40 1 2 2
Penalty Kill 4 Players Defense
Defense Defense Time % Phy DF OF
1 Kevin Connauton Michael Stone 60 1 2 2
2 Damon Severson Samuel Groulx 40 1 2 2
Penalty Kill - 3 Players Forward
Forward Time % Phy DF OF
1 Stefan Ruzicka 60 1 2 2
2 Steve Ott 40 1 2 2
Penalty Kill - 3 Players Defense
Defense Defense Time % Phy DF OF
1 Kevin Connauton Michael Stone 60 1 2 2
2 Damon Severson Samuel Groulx 40 1 2 2
4 vs 4 Forward
Center Wing Time % Phy DF OF
1 Stefan Ruzicka Steve Ott 60 1 2 2
2 Luke Adam Michael Chaput 40 1 2 2
4 vs 4 Defense
Defense Defense Time % Phy DF OF
1 Kevin Connauton Michael Stone 60 1 2 2
2 Damon Severson Samuel Groulx 40 1 2 2
Last Minutes Offensive
Center Left Wing Right Wing Defense Defense
Steve Ott Logan MacMillan Stefan Ruzicka Kevin Connauton Michael Stone
Last Minutes Defensive
Center Left Wing Right Wing Defense Defense
Steve Ott Logan MacMillan Stefan Ruzicka Kevin Connauton Michael Stone
Goaltenders
Starting : Anders Nilsson
Backup : Harru Sateri
Extra Forwards
Normal : Emil Pettersson, Sam Carrick, Michael Ferland - PP : Emil Pettersson, Sam Carrick - PK : Michael Ferland
Extra Defensemen
Normal : Alex Plante, Christian Djoos, Damon Severson - PP : Alex Plante - PK : Christian Djoos, Damon Severson
Penalty Shots
Stefan Ruzicka, Steve Ott, Luke Adam, Michael Chaput, Brandon Kozun
Scratches
Thomas Gobeil (Healthy), Theodor Blueger (Healthy), Brayden McNabb (Sore Left Knee Injury), Alex Henriksson (Healthy), Cole Ully (Healthy)
Oscar Dansk (Healthy)
Demolitions
5 vs 5 Forward
Center Left Wing Right Wing Time % Phy DF OF
1 Michael Latta Erik Cole Spencer Machacek 55 0 0 5
2 Corban Knight Lane MacDermid Garnet Hathaway 30 1 2 2
3 Phil McRae Brandon McMillan Aaron Palushaj 10 1 2 2
4 Nick Shore Billy Sweat Joel Vermin 5 1 2 2
5 vs 5 Defense
Defense Defense Time % Phy DF OF
1 Justin Falk Jonathan Blum 55 0 0 5
2 Cameron Schilling Dmitri Orlov 30 1 2 2
3 Robert Bortuzzo Taylor Aronson 10 1 2 2
4 Seth Helgeson Justin Falk 5 1 2 2
PowerPlay Forward
Center Left Wing Right Wing Time % Phy DF OF
1 Michael Latta Erik Cole Garnet Hathaway 60 0 0 5
2 Corban Knight Lane MacDermid Spencer Machacek 40 1 2 2
PowerPlay Defense
Defense Defense Time % Phy DF OF
1 Justin Falk Jonathan Blum 60 1 2 2
2 Cameron Schilling Dmitri Orlov 40 1 2 2
Penalty Kill 4 Players Forward
Center Wing Time % Phy DF OF
1 Erik Cole Spencer Machacek 60 1 2 2
2 Garnet Hathaway Lane MacDermid 40 1 2 2
Penalty Kill 4 Players Defense
Defense Defense Time % Phy DF OF
1 Justin Falk Jonathan Blum 60 1 2 2
2 Cameron Schilling Dmitri Orlov 40 1 2 2
Penalty Kill - 3 Players Forward
Forward Time % Phy DF OF
1 Erik Cole 60 1 2 2
2 Spencer Machacek 40 1 2 2
Penalty Kill - 3 Players Defense
Defense Defense Time % Phy DF OF
1 Justin Falk Jonathan Blum 60 1 2 2
2 Cameron Schilling Dmitri Orlov 40 1 2 2
4 vs 4 Forward
Center Wing Time % Phy DF OF
1 Erik Cole Spencer Machacek 60 1 2 2
2 Garnet Hathaway Lane MacDermid 40 1 2 2
4 vs 4 Defense
Defense Defense Time % Phy DF OF
1 Justin Falk Jonathan Blum 60 1 2 2
2 Cameron Schilling Dmitri Orlov 40 1 2 2
Last Minutes Offensive
Center Left Wing Right Wing Defense Defense
Michael Latta Erik Cole Garnet Hathaway Justin Falk Jonathan Blum
Last Minutes Defensive
Center Left Wing Right Wing Defense Defense
Michael Latta Erik Cole Spencer Machacek Justin Falk Jonathan Blum
Goaltenders
Starting : Connor Hellebyuk
Backup : Karri Ramo
Extra Forwards
Normal : Brandon McMillan, Billy Sweat, Phil McRae - PP : Brandon McMillan, Billy Sweat - PK : Phil McRae
Extra Defensemen
Normal : Robert Bortuzzo, Taylor Aronson, Seth Helgeson - PP : Robert Bortuzzo - PK : Seth Helgeson, Robert Bortuzzo
Penalty Shots
Erik Cole, Spencer Machacek, Garnet Hathaway, Lane MacDermid, Corban Knight
Scratches
Alex Hutchings (Healthy), Ryan Olsen (Healthy), Thomas DiPauli (Healthy), JC Lipon (Healthy), Derek Forbort (Healthy)
Taylor Leier (Healthy), Colton Sceviour (Healthy), Jake Paterson (Healthy)
% Time on Ice - Ice Dragons
Lines # - Real PCT - Wanted PCT - Time Play
Normal Forward
1 - 32% - 40% - 13:22
2 - 30% - 30% - 12:36
3 - 27% - 20% - 11:12
4 - 12% - 10% - 4:53
Normal Defense
1 - 43% - 40% - 17:57
2 - 29% - 30% - 12:18
3 - 26% - 20% - 11:07
4 - 2% - 10% - 0:41
PP Forward
1 - 63% - 60% - 4:22
2 - 37% - 40% - 2:33
PP Defense
1 - 62% - 60% - 4:19
2 - 38% - 40% - 2:36
PK Forward
1 - 85% - 60% - 6:16
2 - 15% - 40% - 1:08
PK Defense
1 - 59% - 60% - 4:20
2 - 41% - 40% - 3:04
PK3 Forward
1 - 0% - 60%
2 - 0% - 40%
PK3 Defense
1 - 0% - 60%
2 - 0% - 40%
44 Forward
1 - 94% - 60% - 3:24
2 - 6% - 40% - 0:14
44 Defense
1 - 71% - 60% - 2:34
2 - 29% - 40% - 1:04
Last Minute Offensive - 0:00
Last Minute Defensive - 0:00
Total
Forward - 60:00
Defense - 60:00
|
% Time on Ice - Demolitions
Lines # - Real PCT - Wanted PCT - Time Play
Normal Forward
1 - 37% - 55% - 15:40
2 - 24% - 30% - 10:05
3 - 21% - 10% - 8:39
4 - 18% - 5% - 7:39
Normal Defense
1 - 49% - 55% - 20:31
2 - 32% - 30% - 13:37
3 - 16% - 10% - 6:50
4 - 3% - 5% - 1:05
PP Forward
1 - 77% - 60% - 5:43
2 - 23% - 40% - 1:41
PP Defense
1 - 68% - 60% - 5:03
2 - 32% - 40% - 2:21
PK Forward
1 - 95% - 60% - 4:36
2 - 5% - 40% - 0:14
PK Defense
1 - 80% - 60% - 3:53
2 - 20% - 40% - 0:57
PK3 Forward
1 - 85% - 60% - 2:49
2 - 16% - 40% - 0:31
PK3 Defense
1 - 67% - 60% - 2:14
2 - 33% - 40% - 1:06
44 Forward
1 - 84% - 60% - 2:00
2 - 16% - 40% - 0:23
44 Defense
1 - 52% - 60% - 1:15
2 - 48% - 40% - 1:08
Last Minute Offensive - 0:00
Last Minute Defensive - 0:00
Total
Forward - 60:00
Defense - 60:00
|
Play by Play
1st period
0:01 of 1st period - Steve Ott wins face-off versus Michael Latta in neutral zone.
0:04 of 1st period - Slapshot by Stefan Ruzicka.
0:04 of 1st period - Shot Blocked by Justin Falk.
0:10 of 1st period - Snap shot by Stefan Ruzicka.
0:10 of 1st period - Stopped by Connor Hellebyuk with a rebound.
0:12 of 1st period - Snap shot by Logan MacMillan.
0:12 of 1st period - Stopped by Connor Hellebyuk with a rebound.
0:14 of 1st period - Snap shot by Steve Ott.
0:14 of 1st period - Shot Misses the Net.
0:16 of 1st period - Slapshot by Kevin Connauton.
0:16 of 1st period - Stopped by Connor Hellebyuk without a rebound.
0:17 of 1st period - Corban Knight wins face-off versus Luke Adam in Demolitions zone.
0:26 of 1st period - Snap shot by Garnet Hathaway.
0:26 of 1st period - Shot Misses the Net.
0:51 of 1st period - Slapshot by Erik Cole.
0:51 of 1st period - Shot Blocked by Alex Plante.
0:53 of 1st period - Wrist shot by Erik Cole.
0:53 of 1st period - Shot Blocked by Michael Chaput.
2:52 of 1st period - Wrist shot by Billy Sweat.
2:52 of 1st period - Shot Blocked by Christian Djoos.
3:06 of 1st period - Snap shot by Spencer Machacek.
3:06 of 1st period - Shot Blocked by Steve Ott.
3:08 of 1st period - Slapshot by Cameron Schilling.
3:08 of 1st period - Shot Misses the Net.
3:10 of 1st period - Snap shot by Erik Cole.
3:10 of 1st period - Stopped by Anders Nilsson with a rebound.
3:12 of 1st period - Slapshot by Erik Cole.
3:12 of 1st period - Shot Hit the Post.
3:14 of 1st period - Slapshot by Cameron Schilling.
3:14 of 1st period - Shot Misses the Net.
4:00 of 1st period - Icing by Kevin Connauton.
4:01 of 1st period - Sam Carrick wins face-off versus Michael Latta in Ice Dragons zone.
4:28 of 1st period - Samuel Groulx is hit by Corban Knight and loses puck.
4:51 of 1st period - Lane MacDermid is hit by Kevin Connauton and loses puck.
5:18 of 1st period - Justin Falk is hit by Brandon Kozun and loses puck.
5:25 of 1st period - Slapshot by Luke Adam.
5:25 of 1st period - Stopped by Connor Hellebyuk with a rebound.
5:40 of 1st period - Alex Plante is hit by Phil McRae and loses puck.
6:10 of 1st period - Icing by Samuel Groulx.
6:11 of 1st period - Michael Latta wins face-off versus Luke Adam in Ice Dragons zone.
6:20 of 1st period - Slapshot by Spencer Machacek.
6:20 of 1st period - Shot Misses the Net.
6:36 of 1st period - Wrist shot by Michael Chaput.
6:36 of 1st period - Stopped by Connor Hellebyuk without a rebound.
6:37 of 1st period - Michael Chaput wins face-off versus Corban Knight in Demolitions zone.
6:37 of 1st period - Michael Stone is hit by Garnet Hathaway and loses puck.
6:58 of 1st period - Minor Penalty to Michael Ferland for Hooking.
6:59 of 1st period - Michael Latta wins face-off versus Stefan Ruzicka in Ice Dragons zone.
7:00 of 1st period - Snap shot by Erik Cole.
7:00 of 1st period - Shot Blocked by Steve Ott.
7:02 of 1st period - Slapshot by Justin Falk.
7:02 of 1st period - Stopped by Anders Nilsson with a rebound.
7:26 of 1st period - Steve Ott is hit by Justin Falk and loses puck.
7:49 of 1st period - Wrist shot by Michael Chaput.
7:49 of 1st period - Deflect By Luke Adam.
7:49 of 1st period - Shot Blocked by Cameron Schilling.
7:49 of 1st period - Puck is out of play.
7:50 of 1st period - Michael Latta wins face-off versus Luke Adam in Demolitions zone.
7:55 of 1st period - Slapshot by Garnet Hathaway.
7:55 of 1st period - Shot Misses the Net.
8:29 of 1st period - Samuel Groulx is hit by Michael Latta and loses puck.
8:50 of 1st period - Kevin Connauton is hit by Jonathan Blum and loses puck.
8:58 of 1st period - Penalty to Michael Ferland is over, Michael Ferland is back on ice.
9:05 of 1st period - Luke Adam is hit by Corban Knight and loses puck.
9:16 of 1st period - Snap shot by Nick Shore.
9:16 of 1st period - Shot Misses the Net.
9:43 of 1st period - Taylor Aronson is hit by Alex Plante and loses puck.
10:33 of 1st period - Slapshot by Kevin Connauton.
10:33 of 1st period - Stopped by Connor Hellebyuk without a rebound.
10:34 of 1st period - Luke Adam wins face-off versus Nick Shore in Demolitions zone.
10:45 of 1st period - Wrist shot by Luke Adam.
10:45 of 1st period - Shot Misses the Net.
10:57 of 1st period - Snap shot by Stefan Ruzicka.
10:57 of 1st period - Stopped by Connor Hellebyuk with a rebound.
10:59 of 1st period - Wrist shot by Steve Ott.
10:59 of 1st period - Stopped by Connor Hellebyuk without a rebound.
11:00 of 1st period - Steve Ott wins face-off versus Michael Latta in Demolitions zone.
11:27 of 1st period - Snap shot by Corban Knight.
11:27 of 1st period - Stopped by Anders Nilsson without a rebound.
11:28 of 1st period - Luke Adam wins face-off versus Corban Knight in Ice Dragons zone.
11:37 of 1st period - Snap shot by Luke Adam.
11:37 of 1st period - Stopped by Connor Hellebyuk without a rebound.
11:38 of 1st period - Steve Ott wins face-off versus Michael Latta in Demolitions zone.
11:43 of 1st period - Wrist shot by Stefan Ruzicka.
11:43 of 1st period - Shot Misses the Net.
11:45 of 1st period - Slapshot by Michael Stone.
11:45 of 1st period - Stopped by Connor Hellebyuk with a rebound.
11:53 of 1st period - Wrist shot by Stefan Ruzicka.
11:53 of 1st period - Stopped by Connor Hellebyuk with a rebound.
12:03 of 1st period - Snap shot by Spencer Machacek.
12:03 of 1st period - Stopped by Anders Nilsson with a rebound.
12:43 of 1st period - Joel Vermin is hit by Logan MacMillan and loses puck.
13:00 of 1st period - Snap shot by Spencer Machacek.
13:00 of 1st period - Deflect By Erik Cole.
13:00 of 1st period - Goal by Erik Cole - Ice Dragons : 0 - Demolitions : 1.
13:01 of 1st period - Steve Ott wins face-off versus Michael Latta in neutral zone.
13:08 of 1st period - Slapshot by Steve Ott.
13:08 of 1st period - Stopped by Connor Hellebyuk without a rebound.
13:09 of 1st period - Michael Latta wins face-off versus Steve Ott in Demolitions zone.
13:11 of 1st period - Minor Penalty to Spencer Machacek for High sticking.
13:12 of 1st period - Steve Ott wins face-off versus Erik Cole in Demolitions zone.
14:05 of 1st period - Snap shot by Corban Knight.
14:05 of 1st period - Shot Misses the Net.
14:11 of 1st period - Minor Penalty to Logan MacMillan for Tripping.
14:12 of 1st period - Erik Cole wins face-off versus Stefan Ruzicka in Ice Dragons zone.
15:08 of 1st period - Slapshot by Jonathan Blum.
15:08 of 1st period - Stopped by Anders Nilsson with a rebound.
15:10 of 1st period - Wrist shot by Lane MacDermid.
15:10 of 1st period - Shot Misses the Net.
15:11 of 1st period - Penalty to Spencer Machacek is over, Spencer Machacek is back on ice.
15:12 of 1st period - Snap shot by Spencer Machacek.
15:12 of 1st period - Goal by Spencer Machacek - Ice Dragons : 0 - Demolitions : 2.
15:13 of 1st period - Michael Latta wins face-off versus Steve Ott in neutral zone.
15:20 of 1st period - Slapshot by Michael Latta.
15:20 of 1st period - Shot Blocked by Michael Stone.
15:43 of 1st period - Wrist shot by Corban Knight.
15:43 of 1st period - Goal by Corban Knight - Ice Dragons : 0 - Demolitions : 3.
15:44 of 1st period - Michael Latta wins face-off versus Steve Ott in neutral zone.
15:51 of 1st period - Steve Ott is hit by Justin Falk and loses puck.
16:10 of 1st period - Justin Falk is hit by Kevin Connauton and loses puck.
16:45 of 1st period - Snap shot by Brandon Kozun.
16:45 of 1st period - Shot Misses the Net.
16:47 of 1st period - Slapshot by Brandon Kozun.
16:47 of 1st period - Shot Blocked by Corban Knight.
17:02 of 1st period - Icing by Phil McRae.
17:03 of 1st period - Phil McRae wins face-off versus Steve Ott in Demolitions zone.
17:10 of 1st period - Slapshot by Dmitri Orlov.
17:10 of 1st period - Stopped by Anders Nilsson with a rebound.
17:16 of 1st period - Slapshot by Logan MacMillan.
17:16 of 1st period - Stopped by Connor Hellebyuk without a rebound.
17:17 of 1st period - Corban Knight wins face-off versus Steve Ott in Demolitions zone.
17:28 of 1st period - Snap shot by Steve Ott.
17:28 of 1st period - Stopped by Connor Hellebyuk with a rebound.
17:30 of 1st period - Wrist shot by Logan MacMillan.
17:30 of 1st period - Stopped by Connor Hellebyuk without a rebound.
17:31 of 1st period - Luke Adam wins face-off versus Michael Latta in Demolitions zone.
18:11 of 1st period - Minor Penalty to Lane MacDermid for Hooking.
18:12 of 1st period - Erik Cole wins face-off versus Steve Ott in Demolitions zone.
18:17 of 1st period - Backhand shot by Spencer Machacek.
18:17 of 1st period - Shot Misses the Net.
18:19 of 1st period - Snap shot by Spencer Machacek.
18:19 of 1st period - Stopped by Anders Nilsson with a rebound.
18:21 of 1st period - Snap shot by Spencer Machacek.
18:21 of 1st period - Goal by Spencer Machacek - Ice Dragons : 0 - Demolitions : 4.
18:21 of 1st period - Harru Sateri enters game.
18:22 of 1st period - Steve Ott wins face-off versus Erik Cole in neutral zone.
18:28 of 1st period - Minor Penalty to Erik Cole for Holding.
18:29 of 1st period - Stefan Ruzicka wins face-off versus Phil McRae in Demolitions zone.
18:37 of 1st period - Snap shot by Steve Ott.
18:37 of 1st period - Shot Misses the Net.
18:39 of 1st period - Snap shot by Stefan Ruzicka.
18:39 of 1st period - Shot Misses the Net.
18:41 of 1st period - Slapshot by Stefan Ruzicka.
18:41 of 1st period - Ice Dragons goal is going for a video replay.
18:41 of 1st period - The goal is refused. The puck has been directed, batted or thrown into the net by an attacking player other than with a stick..
18:42 of 1st period - Steve Ott wins face-off versus Phil McRae in Demolitions zone.
18:45 of 1st period - Snap shot by Steve Ott.
18:45 of 1st period - Stopped by Connor Hellebyuk without a rebound.
18:46 of 1st period - Phil McRae wins face-off versus Steve Ott in Demolitions zone.
18:46 of 1st period - Phil McRae is hit by Kevin Connauton.
18:55 of 1st period - Minor Penalty to Steve Ott for Holding.
18:56 of 1st period - Phil McRae wins face-off versus Stefan Ruzicka in Ice Dragons zone.
19:57 of 1st period - Icing by Emil Pettersson.
19:58 of 1st period - Michael Ferland wins face-off versus Corban Knight in Ice Dragons zone.
Goals for this period are 0 for Ice Dragons vs 4 for Demolitions.
Shots for this period are 17 for Ice Dragons vs 11 for Demolitions.
2nd period
0:01 of 2nd period - Stefan Ruzicka wins face-off versus Phil McRae in neutral zone.
0:11 of 2nd period - Penalty to Lane MacDermid is over, Lane MacDermid is back on ice.
0:18 of 2nd period - Snap shot by Phil McRae.
0:18 of 2nd period - Stopped by Harru Sateri with a rebound.
0:20 of 2nd period - Wrist shot by Phil McRae.
0:20 of 2nd period - Shot Misses the Net.
0:28 of 2nd period - Penalty to Erik Cole is over, Erik Cole is back on ice.
0:30 of 2nd period - Spencer Machacek is hit by Stefan Ruzicka and loses puck.
0:40 of 2nd period - Off-side.
0:41 of 2nd period - Erik Cole wins face-off versus Michael Ferland in neutral zone.
0:55 of 2nd period - Penalty to Steve Ott is over, Steve Ott is back on ice.
1:25 of 2nd period - Snap shot by Brandon Kozun.
1:25 of 2nd period - Stopped by Connor Hellebyuk with a rebound.
1:27 of 2nd period - Slapshot by William Carrier.
1:27 of 2nd period - Shot Blocked by Justin Falk.
1:29 of 2nd period - Backhand shot by William Carrier.
1:29 of 2nd period - Shot Misses the Net.
1:31 of 2nd period - Snap shot by Samuel Groulx.
1:31 of 2nd period - Deflect By William Carrier.
1:31 of 2nd period - Stopped by Connor Hellebyuk with a rebound.
1:43 of 2nd period - Michael Stone is hit by Erik Cole and loses puck.
1:48 of 2nd period - Snap shot by Michael Latta.
1:48 of 2nd period - Stopped by Harru Sateri without a rebound.
1:49 of 2nd period - Corban Knight wins face-off versus Stefan Ruzicka in Ice Dragons zone.
1:54 of 2nd period - Snap shot by Steve Ott.
1:54 of 2nd period - Goal by Steve Ott - Ice Dragons : 1 - Demolitions : 4.
1:55 of 2nd period - Logan MacMillan wins face-off versus Michael Latta in neutral zone.
2:20 of 2nd period - Kevin Connauton is hit by Lane MacDermid and loses puck.
3:48 of 2nd period - Snap shot by Phil McRae.
3:48 of 2nd period - Stopped by Harru Sateri without a rebound.
3:49 of 2nd period - Michael Chaput wins face-off versus Phil McRae in Ice Dragons zone.
3:54 of 2nd period - Wrist shot by Michael Ferland.
3:54 of 2nd period - Stopped by Connor Hellebyuk with a rebound.
4:00 of 2nd period - Wrist shot by Aaron Palushaj.
4:00 of 2nd period - Shot Blocked by Michael Ferland.
4:02 of 2nd period - Snap shot by Justin Falk.
4:02 of 2nd period - Deflect By Phil McRae.
4:02 of 2nd period - Shot Misses the Net.
4:02 of 2nd period - Puck is out of play.
4:03 of 2nd period - Steve Ott wins face-off versus Michael Latta in Ice Dragons zone.
4:03 of 2nd period - Steve Ott is hit by Erik Cole.
4:15 of 2nd period - Spencer Machacek is hit by Logan MacMillan and loses puck.
4:58 of 2nd period - Snap shot by Aaron Palushaj.
4:58 of 2nd period - Shot Misses the Net.
5:09 of 2nd period - Off-side.
5:10 of 2nd period - Nick Shore wins face-off versus Sam Carrick in neutral zone.
6:28 of 2nd period - Steve Ott is hit by Dmitri Orlov and loses puck.
7:16 of 2nd period - Slapshot by Kevin Connauton.
7:16 of 2nd period - Stopped by Connor Hellebyuk with a rebound.
7:31 of 2nd period - Minor Penalty to Taylor Aronson for Tripping.
7:32 of 2nd period - Erik Cole wins face-off versus Steve Ott in Demolitions zone.
7:40 of 2nd period - Snap shot by Kevin Connauton.
7:40 of 2nd period - Stopped by Connor Hellebyuk with a rebound.
7:42 of 2nd period - Wrist shot by Logan MacMillan.
7:42 of 2nd period - Shot Blocked by Justin Falk.
7:44 of 2nd period - Snap shot by Steve Ott.
7:44 of 2nd period - Shot Misses the Net.
7:52 of 2nd period - Minor Penalty to Justin Falk for Hooking.
7:53 of 2nd period - Steve Ott wins face-off versus Erik Cole in Demolitions zone.
9:08 of 2nd period - Dmitri Orlov is hit by Logan MacMillan and loses puck.
9:31 of 2nd period - Penalty to Taylor Aronson is over, Taylor Aronson is back on ice.
9:52 of 2nd period - Penalty to Justin Falk is over, Justin Falk is back on ice.
10:06 of 2nd period - Slapshot by Justin Falk.
10:06 of 2nd period - Shot Blocked by Christian Djoos.
10:08 of 2nd period - Slapshot by Dmitri Orlov.
10:08 of 2nd period - Stopped by Harru Sateri with a rebound.
10:10 of 2nd period - Backhand shot by Dmitri Orlov.
10:10 of 2nd period - Goal by Dmitri Orlov - Ice Dragons : 1 - Demolitions : 5.
10:11 of 2nd period - Brandon Kozun wins face-off versus Corban Knight in neutral zone.
10:22 of 2nd period - Wrist shot by William Carrier.
10:22 of 2nd period - Shot Misses the Net.
10:24 of 2nd period - Slapshot by Michael Stone.
10:24 of 2nd period - Stopped by Connor Hellebyuk with a rebound.
10:26 of 2nd period - Wrist shot by Luke Adam.
10:26 of 2nd period - Shot Misses the Net.
10:38 of 2nd period - Wrist shot by Stefan Ruzicka.
10:38 of 2nd period - Stopped by Connor Hellebyuk with a rebound.
11:05 of 2nd period - Wrist shot by Michael Chaput.
11:05 of 2nd period - Stopped by Connor Hellebyuk with a rebound.
11:16 of 2nd period - Off-side.
11:17 of 2nd period - Nick Shore wins face-off versus Sam Carrick in neutral zone.
11:30 of 2nd period - Snap shot by Sam Carrick.
11:30 of 2nd period - Shot Blocked by Jonathan Blum.
11:32 of 2nd period - Snap shot by Sam Carrick.
11:32 of 2nd period - Stopped by Connor Hellebyuk without a rebound.
11:33 of 2nd period - Michael Latta wins face-off versus Steve Ott in Demolitions zone.
11:40 of 2nd period - Snap shot by Stefan Ruzicka.
11:40 of 2nd period - Stopped by Connor Hellebyuk with a rebound.
11:46 of 2nd period - Snap shot by Steve Ott.
11:46 of 2nd period - Shot Blocked by Jonathan Blum.
11:48 of 2nd period - Wrist shot by Steve Ott.
11:48 of 2nd period - Shot Blocked by Erik Cole.
11:58 of 2nd period - Spencer Machacek is hit by Kevin Connauton and loses puck.
12:13 of 2nd period - Wrist shot by Michael Latta.
12:13 of 2nd period - Stopped by Harru Sateri with a rebound.
12:21 of 2nd period - Slapshot by Spencer Machacek.
12:21 of 2nd period - Deflect By Michael Latta.
12:21 of 2nd period - Shot Misses the Net.
12:21 of 2nd period - Puck is out of play.
12:22 of 2nd period - Corban Knight wins face-off versus Luke Adam in Ice Dragons zone.
12:33 of 2nd period - Backhand shot by Brandon Kozun.
12:33 of 2nd period - Shot Blocked by Robert Bortuzzo.
13:10 of 2nd period - Snap shot by Jonathan Blum.
13:10 of 2nd period - Stopped by Harru Sateri with a rebound.
13:12 of 2nd period - Snap shot by Billy Sweat.
13:12 of 2nd period - Shot Misses the Net.
13:14 of 2nd period - Wrist shot by Joel Vermin.
13:14 of 2nd period - Stopped by Harru Sateri with a rebound.
13:16 of 2nd period - Slapshot by Justin Falk.
13:16 of 2nd period - Shot Blocked by Michael Chaput.
13:35 of 2nd period - Wrist shot by Lane MacDermid.
13:35 of 2nd period - Shot Blocked by Brandon Kozun.
14:15 of 2nd period - Stefan Ruzicka is hit by Joel Vermin and loses puck.
14:38 of 2nd period - Slapshot by Corban Knight.
14:38 of 2nd period - Shot Blocked by Michael Stone.
14:40 of 2nd period - Slapshot by Cameron Schilling.
14:40 of 2nd period - Stopped by Harru Sateri without a rebound.
14:41 of 2nd period - Luke Adam wins face-off versus Erik Cole in Ice Dragons zone.
14:43 of 2nd period - Minor Penalty to Damon Severson for Boarding.
14:44 of 2nd period - Stefan Ruzicka wins face-off versus Michael Latta in Ice Dragons zone.
15:26 of 2nd period - Christian Djoos is hit by Corban Knight and loses puck.
15:43 of 2nd period - Samuel Groulx is hit by Erik Cole and loses puck.
16:43 of 2nd period - Penalty to Damon Severson is over, Damon Severson is back on ice.
17:07 of 2nd period - Snap shot by Steve Ott.
17:07 of 2nd period - Deflect By Cameron Schilling.
17:07 of 2nd period - Goal by Steve Ott - Ice Dragons : 2 - Demolitions : 5.
17:08 of 2nd period - Phil McRae wins face-off versus Luke Adam in neutral zone.
17:11 of 2nd period - Slapshot by Jonathan Blum.
17:11 of 2nd period - Stopped by Harru Sateri without a rebound.
17:12 of 2nd period - Luke Adam wins face-off versus Aaron Palushaj in Ice Dragons zone.
17:17 of 2nd period - Jonathan Blum is hit by William Carrier.
18:25 of 2nd period - Michael Stone is hit by Corban Knight and loses puck.
18:52 of 2nd period - Lane MacDermid is hit by Kevin Connauton and loses puck.
19:26 of 2nd period - Off-side.
19:27 of 2nd period - Michael Latta wins face-off versus Michael Chaput in neutral zone.
19:34 of 2nd period - Spencer Machacek is hit by Michael Chaput and loses puck.
Goals for this period are 2 for Ice Dragons vs 1 for Demolitions.
Shots for this period are 12 for Ice Dragons vs 10 for Demolitions.
3rd period
0:01 of 3rd period - Michael Latta wins face-off versus Stefan Ruzicka in neutral zone.
0:09 of 3rd period - Slapshot by Michael Stone.
0:09 of 3rd period - Shot Blocked by Erik Cole.
0:15 of 3rd period - Steve Ott is hit by Justin Falk and loses puck.
0:26 of 3rd period - Jonathan Blum is hit by Michael Stone and loses puck.
0:35 of 3rd period - Wrist shot by Brandon Kozun.
0:35 of 3rd period - Stopped by Connor Hellebyuk with a rebound.
0:54 of 3rd period - Wrist shot by Brandon McMillan.
0:54 of 3rd period - Deflect By Samuel Groulx.
0:54 of 3rd period - Shot Blocked by Samuel Groulx.
0:54 of 3rd period - Puck is out of play.
0:55 of 3rd period - Steve Ott wins face-off versus Phil McRae in Ice Dragons zone.
0:57 of 3rd period - Minor Penalty to Steve Ott for Roughing.
0:58 of 3rd period - Stefan Ruzicka wins face-off versus Michael Latta in Ice Dragons zone.
1:35 of 3rd period - Slapshot by Justin Falk.
1:35 of 3rd period - Shot Blocked by William Carrier.
1:37 of 3rd period - Slapshot by Spencer Machacek.
1:37 of 3rd period - Deflect By Michael Stone.
1:37 of 3rd period - Goal by Spencer Machacek - Ice Dragons : 2 - Demolitions : 6.
1:38 of 3rd period - Michael Latta wins face-off versus Steve Ott in neutral zone.
1:41 of 3rd period - Slapshot by Jonathan Blum.
1:41 of 3rd period - Deflect By Steve Ott.
1:41 of 3rd period - Stopped by Harru Sateri with a rebound.
1:47 of 3rd period - Wrist shot by Stefan Ruzicka.
1:47 of 3rd period - Shot Misses the Net.
1:49 of 3rd period - Snap shot by Steve Ott.
1:49 of 3rd period - Shot Misses the Net.
1:51 of 3rd period - Slapshot by Michael Stone.
1:51 of 3rd period - Stopped by Connor Hellebyuk with a rebound.
1:53 of 3rd period - Snap shot by Michael Stone.
1:53 of 3rd period - Deflect By Stefan Ruzicka.
1:53 of 3rd period - Shot Blocked by Justin Falk.
1:53 of 3rd period - Puck is out of play.
1:54 of 3rd period - Michael Latta wins face-off versus William Carrier in Demolitions zone.
2:03 of 3rd period - Off-side.
2:04 of 3rd period - Luke Adam wins face-off versus Michael Latta in neutral zone.
2:41 of 3rd period - Slapshot by Luke Adam.
2:41 of 3rd period - Shot Blocked by Spencer Machacek.
2:43 of 3rd period - Slapshot by Kevin Connauton.
2:43 of 3rd period - Stopped by Connor Hellebyuk with a rebound.
2:45 of 3rd period - Slapshot by William Carrier.
2:45 of 3rd period - Ice Dragons goal is going for a video replay.
2:45 of 3rd period - The goal is refused. The puck has entered the net after making contact with an attacking player’s stick that is above the height of the crossbar..
2:46 of 3rd period - Steve Ott wins face-off versus Corban Knight in Demolitions zone.
3:24 of 3rd period - Snap shot by Phil McRae.
3:24 of 3rd period - Goal by Phil McRae - Ice Dragons : 2 - Demolitions : 7.
3:25 of 3rd period - Steve Ott wins face-off versus Michael Latta in neutral zone.
3:28 of 3rd period - Erik Cole is hit by Michael Stone and loses puck.
3:56 of 3rd period - Luke Adam is hit by Jonathan Blum and loses puck.
5:27 of 3rd period - Slapshot by Nick Shore.
5:27 of 3rd period - Shot Blocked by Brandon Kozun.
5:29 of 3rd period - Snap shot by Robert Bortuzzo.
5:29 of 3rd period - Stopped by Harru Sateri with a rebound.
5:33 of 3rd period - Slapshot by Joel Vermin.
5:33 of 3rd period - Stopped by Harru Sateri without a rebound.
5:34 of 3rd period - Luke Adam wins face-off versus Nick Shore in Ice Dragons zone.
5:51 of 3rd period - Minor Penalty to Nick Shore for Holding.
5:52 of 3rd period - Steve Ott wins face-off versus Erik Cole in Demolitions zone.
6:04 of 3rd period - Wrist shot by Steve Ott.
6:04 of 3rd period - Shot Misses the Net.
6:18 of 3rd period - Erik Cole is hit by Luke Adam and loses puck.
6:43 of 3rd period - Minor Penalty to Steve Ott for High sticking.
6:44 of 3rd period - Erik Cole wins face-off versus Stefan Ruzicka in Ice Dragons zone.
7:14 of 3rd period - Icing by Michael Stone.
7:15 of 3rd period - Stefan Ruzicka wins face-off versus Lane MacDermid in Ice Dragons zone.
7:46 of 3rd period - Slapshot by Sam Carrick.
7:46 of 3rd period - Stopped by Connor Hellebyuk without a rebound.
7:47 of 3rd period - Erik Cole wins face-off versus Sam Carrick in Demolitions zone.
7:51 of 3rd period - Penalty to Nick Shore is over, Nick Shore is back on ice.
8:10 of 3rd period - Slapshot by Dmitri Orlov.
8:10 of 3rd period - Shot Misses the Net.
8:24 of 3rd period - Slapshot by Cameron Schilling.
8:24 of 3rd period - Shot Misses the Net.
8:42 of 3rd period - Brandon McMillan is hit by Kevin Connauton and loses puck.
8:43 of 3rd period - Penalty to Steve Ott is over, Steve Ott is back on ice.
9:24 of 3rd period - Kevin Connauton is hit by Garnet Hathaway and loses puck.
9:39 of 3rd period - Wrist shot by Billy Sweat.
9:39 of 3rd period - Stopped by Harru Sateri with a rebound.
9:41 of 3rd period - Slapshot by Taylor Aronson.
9:41 of 3rd period - Stopped by Harru Sateri with a rebound.
9:57 of 3rd period - Chris Wagner is hit by Jonathan Blum and loses puck.
10:10 of 3rd period - Nick Shore is hit by Sam Carrick and loses puck.
10:21 of 3rd period - William Carrier is hit by Spencer Machacek and loses puck.
10:50 of 3rd period - Spencer Machacek is hit by Damon Severson and loses puck.
11:07 of 3rd period - Wrist shot by Steve Ott.
11:07 of 3rd period - Shot Blocked by Robert Bortuzzo.
11:09 of 3rd period - Slapshot by Alex Plante.
11:09 of 3rd period - Shot Blocked by Billy Sweat.
11:36 of 3rd period - Snap shot by Jonathan Blum.
11:36 of 3rd period - Stopped by Harru Sateri without a rebound.
11:37 of 3rd period - Michael Chaput wins face-off versus Corban Knight in Ice Dragons zone.
11:37 of 3rd period - Michael Chaput is hit by Justin Falk.
12:18 of 3rd period - Slapshot by Jonathan Blum.
12:18 of 3rd period - Shot Misses the Net.
12:20 of 3rd period - Slapshot by Justin Falk.
12:20 of 3rd period - Shot Blocked by Kevin Connauton.
12:34 of 3rd period - Snap shot by Stefan Ruzicka.
12:34 of 3rd period - Stopped by Connor Hellebyuk with a rebound.
12:49 of 3rd period - Chris Wagner is hit by Michael Latta.
13:30 of 3rd period - Backhand shot by Alex Plante.
13:30 of 3rd period - Shot Blocked by Brandon McMillan.
13:32 of 3rd period - Slapshot by Christian Djoos.
13:32 of 3rd period - Deflect By Michael Chaput.
13:32 of 3rd period - Shot Misses the Net.
13:32 of 3rd period - Puck is out of play.
13:33 of 3rd period - Aaron Palushaj wins face-off versus Michael Chaput in Demolitions zone.
13:41 of 3rd period - Wrist shot by Chris Wagner.
13:41 of 3rd period - Stopped by Connor Hellebyuk with a rebound.
14:10 of 3rd period - Brandon Kozun is hit by Michael Latta and loses puck.
14:31 of 3rd period - Snap shot by Logan MacMillan.
14:31 of 3rd period - Deflect By Spencer Machacek.
14:31 of 3rd period - Shot Misses the Net.
14:31 of 3rd period - Puck is out of play.
14:32 of 3rd period - Corban Knight wins face-off versus Michael Chaput in Demolitions zone.
15:11 of 3rd period - Slapshot by Dmitri Orlov.
15:11 of 3rd period - Deflect By Billy Sweat.
15:11 of 3rd period - Shot Misses the Net.
15:11 of 3rd period - Puck is out of play.
15:12 of 3rd period - Steve Ott wins face-off versus Michael Latta in Ice Dragons zone.
15:21 of 3rd period - Snap shot by Michael Latta.
15:21 of 3rd period - Stopped by Harru Sateri with a rebound.
15:28 of 3rd period - Minor Penalty to Steve Ott for Diving.
15:29 of 3rd period - Michael Latta wins face-off versus Stefan Ruzicka in Ice Dragons zone.
15:45 of 3rd period - Icing by Jonathan Blum.
15:46 of 3rd period - Stefan Ruzicka wins face-off versus Garnet Hathaway in Demolitions zone.
15:57 of 3rd period - Snap shot by Jonathan Blum.
15:57 of 3rd period - Stopped by Harru Sateri without a rebound.
15:58 of 3rd period - Michael Latta wins face-off versus Stefan Ruzicka in Ice Dragons zone.
16:11 of 3rd period - Snap shot by Garnet Hathaway.
16:11 of 3rd period - Deflect By Kevin Connauton.
16:11 of 3rd period - Goal by Garnet Hathaway - Ice Dragons : 2 - Demolitions : 8.
16:12 of 3rd period - Michael Latta wins face-off versus Steve Ott in neutral zone.
16:28 of 3rd period - Minor Penalty to Kevin Connauton for Interference.
16:29 of 3rd period - Michael Latta wins face-off versus Stefan Ruzicka in Ice Dragons zone.
16:34 of 3rd period - Snap shot by Erik Cole.
16:34 of 3rd period - Stopped by Harru Sateri without a rebound.
16:35 of 3rd period - Michael Latta wins face-off versus Stefan Ruzicka in Ice Dragons zone.
16:42 of 3rd period - Snap shot by Erik Cole.
16:42 of 3rd period - Stopped by Harru Sateri without a rebound.
16:43 of 3rd period - Stefan Ruzicka wins face-off versus Michael Latta in Ice Dragons zone.
16:56 of 3rd period - Wrist shot by Erik Cole.
16:56 of 3rd period - Deflect By Garnet Hathaway.
16:56 of 3rd period - Shot Misses the Net.
16:56 of 3rd period - Puck is out of play.
16:57 of 3rd period - Michael Latta wins face-off versus Steve Ott in Ice Dragons zone.
17:10 of 3rd period - Snap shot by Michael Latta.
17:10 of 3rd period - Goal by Michael Latta - Ice Dragons : 2 - Demolitions : 9.
17:11 of 3rd period - Steve Ott wins face-off versus Michael Latta in neutral zone.
17:14 of 3rd period - Wrist shot by Michael Stone.
17:14 of 3rd period - Shot Blocked by Jonathan Blum.
17:16 of 3rd period - Snap shot by Logan MacMillan.
17:16 of 3rd period - Shot Misses the Net.
17:18 of 3rd period - Slapshot by Michael Stone.
17:18 of 3rd period - Stopped by Connor Hellebyuk without a rebound.
17:19 of 3rd period - Michael Latta wins face-off versus Logan MacMillan in Demolitions zone.
17:21 of 3rd period - Minor Penalty to Erik Cole for Boarding.
17:22 of 3rd period - Stefan Ruzicka wins face-off versus Phil McRae in Demolitions zone.
17:36 of 3rd period - Steve Ott is hit by Justin Falk and loses puck.
18:54 of 3rd period - Justin Falk is hit by Damon Severson and loses puck.
19:21 of 3rd period - Penalty to Erik Cole is over, Erik Cole is back on ice.
19:36 of 3rd period - Alex Plante is hit by Michael Latta and loses puck.
Goals for this period are 0 for Ice Dragons vs 4 for Demolitions.
Shots for this period are 8 for Ice Dragons vs 14 for Demolitions.
Back to the Top